[Event "French Top 16-A 2024"]
[Site "Chartres"]
[Date "2024.06.04"]
[Round "6.9"]
[White "Amin, Bassem"]
[Black "Parligras, Mircea-Emilian"]
[Result "1-0"]
[ECO "D02"]
[WhiteElo "2683"]
[BlackElo "2561"]
[Annotator "TA"]
[PlyCount "71"]
[EventDate "2024.06.01"]
[EventType "team-tourn"]
[EventCountry "FRA"]
[SourceTitle "playchess.com"]
[Source "ChessBase"]
[SourceQuality "1"]
[TimeControl "40/5400+30:1800+30"]

1. Nf3 d5 2. g3 Nd7 3. d4 Nb6 4. Nc3 Bf5 5. Nh4 Bg4 6. h3 {[%emt 0:01:12] D02: 1 d4 d5 2 Nf3 sidelines, including 2...Nf6 3 g3 and 2...Nf6 3 Bf4.} Bh5 7. g4 e6 8. Ng2 Bg6 9. Nf4 Nf6 $146 ({Predecessor:} 9... Bd6 10. Nxg6 hxg6 11. Bg2 Bb4 12. Qd3 Nf6 13. Qb5+ Nfd7 14. Qxb4 a5 15. Qb5 Nc4 {1-0 Daneshvar,B (2591)-Nihal,S (2688) Wch Blitz Samarkand 2023 (20)}) 10. Bg2 c5 11. e3 cxd4 12. Nxg6 hxg6 13. exd4 Bb4 14. Qd3 O-O 15. O-O Qc7 16. Ne2 Rac8 17. c3 Bd6 18. b3 Nbd7 19. f4 Qc6 20. g5 Ne8 21. h4 Be7 22. Bd2 Nd6 23. Ng3 b5 24. Qe2 (24. Bf3 $14) 24... Rfe8 $11 25. h5 (25. Kf2 $11) 25... gxh5 $1 $15 26. g6 (26. Nxh5 Qb6 27. Qd3 b4 28. cxb4 Nf5) 26... h4 (26... fxg6 27. Qxe6+ Kh7 28. Bxd5 $18) 27. f5 Bf6 (27... hxg3 $2 28. gxf7+ Nxf7 29. fxe6 $18) 28. fxe6 Rxe6 {[%emt 0:00:45] [#]} (28... hxg3 $2 29. gxf7+ (29. exf7+ Kf8 $18) 29... Kf8 30. fxe8=Q+ (30. fxe8=R+ Rxe8 31. Rae1 Ne4 $18) 30... Rxe8 31. Rae1 $18) (28... fxe6 $11 29. Nh5 b4) 29. Qh5 $1 $16 hxg3 $2 (29... fxg6 $16 30. Qxd5 Nf7 (30... Qxd5 $2 31. Bxd5 Kf7 32. Rae1 $18)) 30. Bxd5 $18 Qb6 (30... Qa6 $142 31. Rae1 Rce8 (31... Rxe1 32. gxf7+ Kf8 33. Rxe1 $18)) 31. Bxe6 $18 fxe6 32. Qh7+ Kf8 33. Bg5 Nf5 34. Rxf5 exf5 {[%emt 0:00:58] [#]} 35. Re1 $1 (35. Qh8+ Ke7 36. Re1+ (36. Qxc8 Bxg5 37. Re1+ Kd6 $17) 36... Kd6 37. Bf4+ Be5 38. Qxc8 (38. Bxe5+ Nxe5 39. Qxc8 Nf3+ 40. Kf1 Nxe1 $16) 38... Bxf4 $16) 35... Bxd4+ 36. Kg2 1-0

[Event "French Top 16-A 2024"]
[Site "Chartres"]
[Date "2024.06.04"]
[Round "6.9"]
[White "Martirosyan, Haik M."]
[Black "Willems, Niels"]
[Result "1-0"]
[ECO "D41"]
[WhiteElo "2679"]
[BlackElo "2329"]
[Annotator "TA"]
[PlyCount "79"]
[EventDate "2024.06.01"]
[EventType "team-tourn"]
[EventCountry "FRA"]
[SourceTitle "playchess.com"]
[Source "ChessBase"]
[SourceQuality "1"]
[TimeControl "40/5400+30:1800+30"]

1. d4 Nf6 2. Nf3 d5 3. c4 e6 4. Nc3 c5 5. cxd5 Nxd5 6. e4 Nxc3 7. bxc3 cxd4 8. cxd4 Bb4+ 9. Bd2 Bxd2+ 10. Qxd2 O-O 11. Bc4 Nd7 12. O-O b6 13. Rfe1 Bb7 14. Rad1 Rc8 15. Bb3 h6 16. Re3 Nf6 {[%emt 0:02:45] The position is equal.} 17. Qe1 Re8 18. Ne5 Qc7 19. f4 Nd7 20. Nxf7 Kxf7 21. f5 Kg8 (21... Nf6 $11) 22. Bxe6+ $16 Kh8 23. e5 {[%emt 0:00:09][%mdl 1024] White has strong compensation.} Qc6 $2 (23... Qd8 $14) 24. d5 $18 {[%emt 0:02:14] Active counter play!} Qc5 {[%emt 0:00:32][%cal Od7e5] [#] aiming for ...Nxe5!} 25. Kh1 (25. Bxd7 Rxe5 26. Rdd3 (26. Bxc8 $2 Rxe3 27. Qf2 Bxc8 $19) 26... Rd8 $11) (25. Qg3 $1 $18 {has better winning chances.} Rxe6 26. fxe6) 25... Rcd8 $16 {[%emt 0:05:38] [#]} 26. Rc3 (26. d6 $1 $16) 26... Qb4 $1 $11 {[%emt 0:07:09][%cal Od7e5] ...Nxe5! would now be deadly.} 27. Rc7 Qxe1+ 28. Rxe1 Nc5 29. Bf7 $36 {[%emt 0:01:39][%mdl 2048] White fights for an advantage.} Bxd5 $1 30. Bxe8 Rxe8 31. e6 a5 (31... g6 $11) 32. a3 (32. Rb1 $16) 32... a4 ({Black should try} 32... Ne4 $14) 33. Re5 $16 Bb3 34. h3 h5 (34... Nd3 $16 35. Re2 (35. Rb5 g6 $11) 35... Nf4) 35. Rc6 $18 Nd3 (35... Rb8 $142 36. Kh2 Kg8) 36. Rb5 g6 $2 (36... Kg8 37. Rcxb6 (37. Rbxb6 Nf4 $18) 37... Bc4) 37. Rcxb6 {[%emt 0:01:40] White is clearly winning.} ({Weaker is} 37. Rbxb6 gxf5 38. Rc7 Nf4 $11) 37... Kg8 38. Rb8 (38. fxg6 Kg7 39. Rxh5 Rxe6 40. Rxe6 Bxe6 $14) 38... Kf8 39. fxg6 Bxe6 40. g7+ {[%emt 0:00:24] Weighted Error Value: White=0.16 (very precise) /Black=0.51.  Loses game:     	---       	Black=1      Mistake:       	White=3     	Black=6      Inaccurate:     	---       	Black=2      OK:         	White=9     	Black=7      Best:        	White=6     	---        Strong:       	---       	Black=2} 1-0

[Event "French Top 16-A 2024"]
[Site "Chartres"]
[Date "2024.06.04"]
[Round "6.10"]
[White "Lupulescu, Constantin"]
[Black "Gharamian, Tigran"]
[Result "1/2-1/2"]
[ECO "E39"]
[WhiteElo "2588"]
[BlackElo "2588"]
[Annotator "TA"]
[PlyCount "31"]
[EventDate "2024.06.01"]
[EventType "team-tourn"]
[EventCountry "FRA"]
[SourceTitle "playchess.com"]
[Source "ChessBase"]
[SourceQuality "1"]
[TimeControl "40/5400+30:1800+30"]

1. d4 Nf6 2. c4 e6 3. Nc3 Bb4 4. Qc2 c5 5. dxc5 O-O 6. a3 Bxc5 7. Nf3 d5 8. Bg5 Be7 9. e3 h6 10. Bxf6 Bxf6 {[%emt 0:00:28] White has an edge.} 11. cxd5 {[%emt 0:04:59] The position is equal.} exd5 12. Be2 Nc6 13. O-O Be6 14. Rfd1 Rc8 15. Rac1 Qa5 16. Qb1 {[%emt 0:07:02] An uneventful encounter.   Weighted Error Value: White=0.06 (flawless) /Black=0.06 (flawless) .  Inaccurate:     	---       	Black=1      OK:         	White=2     	Black=3} 1/2-1/2

[Event "French Top 16-A 2024"]
[Site "Chartres"]
[Date "2024.06.04"]
[Round "6.10"]
[White "Malassagne, Raphael"]
[Black "Movsesian, Sergei"]
[Result "0-1"]
[ECO "D02"]
[WhiteElo "2260"]
[BlackElo "2618"]
[Annotator "TA"]
[PlyCount "42"]
[EventDate "2024.06.01"]
[EventType "team-tourn"]
[EventCountry "FRA"]
[SourceTitle "playchess.com"]
[Source "ChessBase"]
[SourceQuality "1"]
[TimeControl "40/5400+30:1800+30"]

1. d4 d5 2. Bf4 Nf6 3. e3 e6 4. Nd2 c5 5. Ngf3 Nc6 6. c3 cxd4 7. exd4 Nh5 8. Bg3 g6 9. Bb5 {[%emt 0:07:22] The position is equal.} Bg7 10. Ne5 O-O 11. Nd3 f6 12. Bxc6 bxc6 13. Qa4 Nxg3 14. hxg3 Qb6 15. O-O-O e5 16. Nc5 Bf5 17. g4 Bxg4 $17 18. f3 Bc8 $40 {[%emt 0:00:59][%mdl 128] White is in trouble.} 19. Rh4 f5 20. Nd3 $2 {[%emt 0:13:16] [#]} (20. f4 $17 {was necessary.}) 20... exd4 $19 21. cxd4 Bf6 {[%emt 0:00:31] White got outplayed after the opening.   Weighted Error Value: White=0.32/Black=0.05 (flawless) .  Mistake:       	White=2     	---        Inaccurate:     	White=2     	---        OK:         	White=2     	Black=12} 0-1

[Event "French Top 16-A 2024"]
[Site "Chartres"]
[Date "2024.06.04"]
[Round "6.11"]
[White "Van Foreest, Jorden"]
[Black "Karthik Venkataraman"]
[Result "1/2-1/2"]
[ECO "E11"]
[WhiteElo "2665"]
[BlackElo "2606"]
[Annotator "TA"]
[PlyCount "89"]
[EventDate "2024.06.01"]
[EventType "team-tourn"]
[EventCountry "FRA"]
[SourceTitle "playchess.com"]
[Source "ChessBase"]
[SourceQuality "1"]
[TimeControl "40/5400+30:1800+30"]

1. d4 Nf6 2. c4 e6 3. Nf3 d5 4. g3 Bb4+ 5. Bd2 Be7 6. Bg2 c6 7. Qc2 a5 {[%emt 0:02:16] E11: Bogo-Indian.} 8. O-O O-O 9. Rc1 Nbd7 10. a3 h6 11. e3 Ne4 $146 ({Predecessor:} 11... Re8 12. Be1 Bf8 13. Nbd2 b5 14. cxb5 cxb5 15. Bf1 Ba6 16. Nb3 a4 17. Na5 Qb6 {½-½ Gelfand,B (2676)-Ding,L (2791) Legends of Chess Prelim rapid 2020 (1.1)}) 12. Nc3 Nxd2 13. Nxd2 f5 14. Rab1 Nf6 15. b4 Bd7 16. c5 axb4 17. axb4 Ne4 18. Nf3 Nxc3 19. Qxc3 Bf6 20. Bf1 Qe8 21. Ra1 Qh5 22. Be2 Rfc8 23. Ra3 Qe8 24. Rca1 Rxa3 25. Qxa3 e5 26. dxe5 Bxe5 27. Nxe5 Qxe5 28. Bd3 Re8 29. Qc1 Kf8 30. Ra7 d4 $1 31. Rxb7 Bc8 32. Ra7 dxe3 33. fxe3 Be6 34. Be2 Bd5 35. Kf2 Qe4 36. Qc3 Qg2+ 37. Ke1 Bf7 38. Bc4 Qh1+ 39. Kd2 Rd8+ 40. Kc2 $1 Qe4+ 41. Bd3 Qg2+ (41... Qxe3 $2 {perishes.} 42. Rxf7+ (42. Bxf5 $2 {loses.} Qe2+ 43. Kb1 Rd1+ $19) 42... Ke8 43. Rxf5 (43. Bxf5 Qe2+ 44. Kb3 Kxf7 $17) 43... Qxd3+ 44. Qxd3 $18) 42. Qd2 Qd5 43. Qc3 Qg2+ 44. Qd2 Qd5 45. Qc3 1/2-1/2

[Event "French Top 16-A 2024"]
[Site "Chartres"]
[Date "2024.06.04"]
[Round "6.11"]
[White "Moussard, Jules"]
[Black "Saya, Ethan"]
[Result "1-0"]
[ECO "D36"]
[WhiteElo "2611"]
[BlackElo "2234"]
[Annotator "TA"]
[PlyCount "77"]
[EventDate "2024.06.01"]
[EventType "team-tourn"]
[EventCountry "FRA"]
[SourceTitle "playchess.com"]
[Source "ChessBase"]
[SourceQuality "1"]
[TimeControl "40/5400+30:1800+30"]

1. c4 e6 2. Nc3 d5 3. d4 Nf6 4. cxd5 exd5 5. Bg5 c6 6. e3 Be7 7. Bd3 O-O 8. Qc2 Nbd7 9. Nf3 Re8 10. h3 Nf8 11. O-O Ne4 12. Bf4 Nd6 13. b4 g6 14. b5 {[%emt 0:02:35] White has more active pieces. The black rooks are passive.} Bf5 {[%emt 0:01:15] [#]} 15. bxc6 (15. Bxd6 $1 $16 Bxd3 16. Bxe7 (16. Qxd3 Bxd6 17. Rfd1 Qa5 $11) 16... Bxc2 17. Bxd8 Raxd8 18. bxc6 bxc6 19. Rfc1) 15... Bxd3 $14 16. Qxd3 bxc6 17. Rfc1 Qa5 18. Ne5 Rec8 (18... Rac8 $1 $14) 19. Ne2 $36 {[%emt 0:00:52][%mdl 2048] White is really pushing.} Qa4 20. Qc2 Qxc2 21. Rxc2 c5 22. dxc5 Nc4 23. Nxc4 dxc4 24. Rxc4 {[%emt 0:01:17] [#] aiming for c6.} Rxc5 25. Rxc5 Bxc5 26. Nc3 Rd8 27. Ne4 Be7 28. Rb1 Ne6 29. Rb7 Nxf4 (29... Rd1+ $16 30. Kh2 Kf8) 30. Rxe7 {[%emt 0:00:21][%mdl 4096] Endgame. KRN-KRN} Rd1+ 31. Kh2 Nd3 32. Rxa7 Ra1 33. g4 h6 34. h4 Ne5 35. g5 hxg5 36. hxg5 {[%emt 0:00:05] Ra8+ would now be deadly.} Rb1 $2 (36... Kf8 {is more resistant.} 37. Kg2 Nc6) 37. Kg2 Rb2 $2 (37... Kf8 $18 38. Nf6 Nc6) 38. Ra8+ Kg7 39. Nf6 {[%emt 0:00:14] Weighted Error Value: White=0.21 (precise) /Black=0.58.  Mistake:       	White=1     	Black=4      Inaccurate:     	White=2     	Black=4      OK:         	White=10    	Black=11     Best:        	White=2     	Black=2} 1-0

[Event "French Top 16-A 2024"]
[Site "Chartres"]
[Date "2024.06.04"]
[Round "6.12"]
[White "Loiseau, Quentin"]
[Black "Hamdouchi, Hicham"]
[Result "1/2-1/2"]
[ECO "D26"]
[WhiteElo "2411"]
[BlackElo "2528"]
[Annotator "TA"]
[PlyCount "29"]
[EventDate "2024.06.01"]
[EventType "team-tourn"]
[EventCountry "FRA"]
[SourceTitle "playchess.com"]
[Source "ChessBase"]
[SourceQuality "1"]
[TimeControl "40/5400+30:1800+30"]

1. Nf3 d5 2. d4 Nf6 3. c4 dxc4 4. e3 e6 5. Bxc4 a6 6. O-O Be7 7. Qe2 b5 8. Bd3 Nbd7 9. a4 {[%emt 0:08:23] White is slightly better.} Bb7 10. e4 (10. axb5 $14 axb5 11. Rxa8 Qxa8 12. Bxb5) 10... b4 11. Nbd2 c5 12. e5 Nd5 13. Ne4 ({Better is} 13. Nb3 $14) 13... cxd4 $15 14. Bd2 (14. Bg5 $11 {keeps the balance.} Qb8 15. Bxe7 (15. Nxd4 Bxg5 16. Nxg5 Qxe5 $15) 15... Kxe7 16. Qd2 (16. Nxd4 Qxe5 17. Nf3 Qf4 $17)) 14... Qb8 15. Ng3 {[%emt 0:04:41] Weighted Error Value: White=0.30/Black=0.13 (very precise) .  Mistake:       	White=3     	---        Inaccurate:     	---       	Black=2      OK:         	White=4     	Black=1      Best:        	---       	Black=1} 1/2-1/2

[Event "French Top 16-A 2024"]
[Site "Chartres"]
[Date "2024.06.04"]
[Round "6.12"]
[White "Warnier, Yanis"]
[Black "Cornette, Matthieu"]
[Result "0-1"]
[ECO "C72"]
[WhiteElo "2171"]
[BlackElo "2568"]
[Annotator "TA"]
[PlyCount "50"]
[EventDate "2024.06.01"]
[EventType "team-tourn"]
[EventCountry "FRA"]
[SourceTitle "playchess.com"]
[Source "ChessBase"]
[SourceQuality "1"]
[TimeControl "40/5400+30:1800+30"]

1. e4 e5 2. Nf3 Nc6 3. Bb5 a6 4. Ba4 d6 5. O-O Bd7 6. d3 g6 7. c4 Bg7 8. Nc3 {[%emt 0:01:05] White has an edge.} Nge7 9. Rb1 O-O 10. b4 Bg4 11. Bxc6 bxc6 12. h3 Be6 13. Qe2 h6 14. Rd1 Qc8 15. d4 exd4 16. Nxd4 Re8 17. Nxe6 Qxe6 18. Qd3 g5 19. f3 Ng6 {[%emt 0:01:38] Black is more active.} 20. c5 {[%emt 0:00:40] [#] White does not recover from this.} (20. Ne2 $15) 20... dxc5 $1 $19 21. bxc5 {[%emt 0:00:39] [#]} (21. Ne2 {was worth a try.}) 21... Rad8 $1 22. Qxd8 (22. Qc2 Qc4) 22... Rxd8 23. Rxd8+ Kh7 24. Nd1 (24. Bb2) 24... Qxa2 25. Rb7 Qe2 {[%emt 0:01:26] Weighted Error Value: White=0.88/Black=0.03 (flawless) .  Mistake:       	White=3     	---        Inaccurate:     	White=2     	---        OK:         	White=4     	Black=8      Best:        	---       	Black=3} 0-1

[Event "French Top 16-A 2024"]
[Site "Chartres"]
[Date "2024.06.04"]
[Round "6.13"]
[White "Van Wely, Loek"]
[Black "Wirig, Anthony"]
[Result "1/2-1/2"]
[ECO "E14"]
[WhiteElo "2608"]
[BlackElo "2453"]
[Annotator "TA"]
[PlyCount "81"]
[EventDate "2024.06.01"]
[EventType "team-tourn"]
[EventCountry "FRA"]
[SourceTitle "playchess.com"]
[Source "ChessBase"]
[SourceQuality "1"]
[TimeControl "40/5400+30:1800+30"]

1. d4 Nf6 2. c4 e6 3. Nf3 Bb4+ 4. Nbd2 b6 5. a3 Bxd2+ 6. Qxd2 Bb7 7. e3 O-O 8. Be2 d5 9. b3 c5 10. Bb2 Ne4 11. Qc2 cxd4 12. Nxd4 Nd7 13. O-O Rc8 14. f3 Nd6 15. Rfd1 Qg5 16. f4 Qh6 17. a4 dxc4 18. bxc4 Nc5 19. a5 Be4 20. Qc3 Qg6 21. g4 {[%emt 0:07:07] [#]} (21. Bf1 $11) 21... e5 22. fxe5 $11 Nf5 {[%emt 0:00:34] Excellent horsemanship.} (22... Ndb7 {simplifies} 23. axb6 axb6 24. Rf1 Rfe8) 23. Rf1 Nh4 24. Qe1 Qg5 25. Qg3 Bd3 26. axb6 (26. Bxd3 $5 Nxd3 27. axb6 axb6 (27... Nxb2 28. b7 $16) 28. Bc3 Rxc4 29. e6 $11) 26... axb6 27. Bxd3 Nxd3 28. Ba3 (28. Bc3 $1 $14) 28... Rfe8 29. Nf5 Nxf5 30. Rxf5 Qg6 $36 {[%emt 0:00:08][%cal Oc8a8][%mdl 2048] Black has the initiative.} 31. e4 (31. Raf1 $5) 31... Nc5 32. Bxc5 Rxc5 33. Ra7 Rf8 34. Rd7 Qc6 (34... Rxc4 35. Rd6 f6 (35... Rc1+ 36. Kg2 $16) 36. exf6 (36. Rxb6 Rxe4 37. exf6 Rxg4 $17) 36... gxf6 37. Qf3 $14 (37. Rxb6 Rxe4 38. h3 Qg7 $11)) (34... Qe6 $5 35. Rd6 Qxc4 $15) 35. Qd3 {[%emt 0:00:00][%cal Od7f7] [#] Rdxf7! would now be deadly.} Rxc4 36. Rd8 (36. Qd5 $11 Rc1+ 37. Kg2 Qxd5 38. exd5) 36... Rc1+ ({Weaker is} 36... Qxe4 37. Rxf8+ Kxf8 38. Qd8#) (36... g6 $17 37. Rxf8+ Kxf8 38. Qd8+ Kg7 39. Qf6+ Qxf6 40. exf6+ Kh6 41. g5+ Kh5) 37. Kg2 Rc2+ 38. Kf1 (38. Rf2 $11 Rxf2+ 39. Kxf2) 38... Rc1+ (38... g6 39. Rf3 $15) (38... Rxh2 $17 {And now ...Qc1+ would win.} 39. Rxf8+ Kxf8 40. Qd8+ Qe8 41. Qxb6 Rh1+ 42. Kf2 (42. Kg2 Rh6 $17) 42... Qc8) 39. Kg2 Rc2+ ({Black should try} 39... h6 $11) 40. Kf1 $17 Rc1+ ({Don't take} 40... g6 41. Rf3 $15) (40... Rxh2 $17 {...Qc1+ is the strong threat.} 41. Rxf8+ Kxf8 42. Qd8+ Qe8 43. Qxb6 Kg8) 41. Kg2 {[%emt 0:01:41] Weighted Error Value: White=0.18 (very precise) /Black=0.18 (very precise) .  Mistake:       	White=4     	Black=5      Inaccurate:     	White=2     	Black=2      OK:         	White=14    	Black=10     Best:        	White=3     	Black=1} 1/2-1/2

[Event "French Top 16-A 2024"]
[Site "Chartres"]
[Date "2024.06.04"]
[Round "6.13"]
[White "Pelletier, Yannick"]
[Black "Dumas, Charles"]
[Result "1-0"]
[ECO "E11"]
[WhiteElo "2515"]
[BlackElo "2256"]
[Annotator "RC"]
[PlyCount "61"]
[EventDate "2024.06.01"]
[EventType "team-tourn"]
[EventCountry "FRA"]
[SourceTitle "playchess.com"]
[Source "ChessBase"]
[SourceQuality "1"]
[TimeControl "40/5400+30:1800+30"]

1. d4 Nf6 2. c4 e6 3. Nf3 Bb4+ 4. Bd2 Bxd2+ 5. Qxd2 d5 6. Qc2 O-O 7. Nbd2 Qe7 8. Rc1 c6 9. e3 Nbd7 10. Bd3 dxc4 11. Nxc4 c5 12. e4 h6 13. e5 Nd5 14. Bh7+ Kh8 15. Be4 cxd4 16. O-O b6 17. Qd2 Ba6 18. Bb1 Rfc8 19. Nd6 Rc5 20. Rfe1 Rd8 21. Qxd4 Rxc1 22. Rxc1 Nxe5 23. Nxe5 Rxd6 24. Bg6 f6 25. Nf7+ Kg8 26. Nxd6 Qxd6 27. Qa4 b5 28. Qd4 Qd7 29. Be4 Bb7 30. Qxa7 Nf4 31. Qb8+ 1-0

[Event "French Top 16-A 2024"]
[Site "Chartres"]
[Date "2024.06.04"]
[Round "6.14"]
[White "Sochacki, Christophe"]
[Black "Delorme, Axel"]
[Result "1-0"]
[ECO "D35"]
[WhiteElo "2451"]
[BlackElo "2489"]
[Annotator "TA"]
[PlyCount "134"]
[EventDate "2024.06.01"]
[EventType "team-tourn"]
[EventCountry "FRA"]
[SourceTitle "playchess.com"]
[Source "ChessBase"]
[SourceQuality "1"]
[TimeControl "40/5400+30:1800+30"]

1. d4 d5 2. c4 e6 3. Nc3 Nf6 4. cxd5 exd5 5. Bg5 c6 6. e3 h6 7. Bh4 Be6 {[%emt 0:00:08] D35: Queen's Gambit Declined: Exchange Variation.} 8. Bd3 Nbd7 9. Nf3 g5 10. Bg3 Nh5 11. Be5 Nhf6 12. Bg3 Nh5 13. Qc2 Nxg3 14. hxg3 Bg7 15. O-O-O Qe7 16. Kb1 O-O-O 17. Rc1 Kb8 18. Na4 Rc8 19. Qd2 $146 ({Predecessor:} 19. Nd2 h5 20. Nb3 b6 21. a3 h4 22. gxh4 gxh4 23. Ba6 Rc7 24. Nc3 c5 25. Nb5 Rc6 26. Ka1 Ka8 27. Nc3 {1-0 Lalic,B (2406)-Quilter,T (2195) Southend Easter op 63rd 2019 (6)}) 19... Rc7 20. Rc2 Rhc8 21. b4 b6 22. Rhc1 Qd6 23. Rb2 Ka8 24. Ba6 Bf5+ 25. Ka1 Rb8 26. Bd3 Be6 27. Nc3 b5 28. a4 a6 29. Ra2 Ra7 30. axb5 cxb5 31. e4 g4 32. exd5 Bxd5 33. Nxd5 Qxd5 34. Qf4 Re8 35. Qxg4 $2 (35. Re2 Rb8 36. Be4 (36. Qxg4 $18)) 35... Bf6 (35... Bf8 {might work better.} 36. Rc8+ (36. Qf5 Qxf5 37. Bxf5 Bg7 $18) 36... Rxc8) 36. Rc8+ $18 Rxc8 37. Be4 $1 Qxe4 (37... Bxd4+ $2 38. Nxd4 $18 (38. Kb1 Kb8 $18) (38. Kb1 Qxe4+ 39. Qxe4+ Rb7 $18)) 38. Qxe4+ Kb8 39. Qf4+ Rac7 40. Nd2 (40. Qxh6 Rc1+ 41. Kb2 R8c2+ 42. Ka3 Rc3+ 43. Kb2 R3c2+ 44. Kb3 Rc3+ 45. Kb2 R3c2+ $11) (40. Rxa6 Kb7 41. Rxf6 Rc1+ $11) 40... Bg5 41. Qd6 (41. Qxf7 Nc5 42. Qf5 Na4 $16) 41... Bxd2 42. Rxd2 Ka7 43. Re2 (43. Qxh6 Rc4 44. Qg5 R8c7 $18) 43... Rc1+ {[%emt 0:00:00] [#]} 44. Ka2 $1 Nb6 {[%emt 0:00:00] [#]} 45. d5 $1 (45. Qxh6 Nd5 46. Rd2 Nxb4+ 47. Kb2 R1c3 $16) (45. Re7+ Ka8 $18) 45... R8c7 (45... Kb7 $142 46. Qf6 (46. Qxh6 Nxd5 47. Rd2 Nxb4+ 48. Kb2 R8c7 $14) 46... Nxd5 47. Qxf7+ (47. Qxh6 $2 Nc3+ 48. Kb2 Nxe2 $19) 47... Nc7 48. Qf3+ Rc6) 46. Qe5 ({Worse is} 46. Qxh6 Nxd5 47. Rd2 Nxb4+ 48. Kb2 Nd5 $11) (46. Qd8 $142) 46... Rd7 $18 47. Rd2 Nc4 48. Qe8 Nb6 49. d6 Rc8 50. Qe3 Rcd8 51. g4 ({Don't do} 51. Qxh6 Nc4 52. Rd5 Rxd6 53. Rxd6 Rxd6 $18) 51... Kb7 52. Qxh6 Nc4 53. Rd1 Rxd6 54. Rxd6 Rxd6 55. Qf4 f6 (55... Rd2+ $142 56. Kb3 Rd3+ 57. Kc2 Rd7) 56. Qf5 $18 Kb6 57. Qc5+ Kb7 58. Kb3 Nd2+ 59. Kb2 Nc4+ 60. Kc3 Rc6 61. Qe7+ Kb6 62. Qd8+ Kb7 63. f4 Ne3+ 64. Kb3 Nxg2 65. Qd7+ Kb6 66. g5 Nxf4 67. gxf6 Ng2 1-0

[Event "French Top 16-A 2024"]
[Site "Chartres"]
[Date "2024.06.04"]
[Round "6.14"]
[White "Montaigne, Adrien"]
[Black "Degraeve, Jean-Marc"]
[Result "0-1"]
[ECO "B32"]
[WhiteElo "2008"]
[BlackElo "2463"]
[Annotator "TA"]
[PlyCount "76"]
[EventDate "2024.06.01"]
[EventType "team-tourn"]
[EventCountry "FRA"]
[SourceTitle "playchess.com"]
[Source "ChessBase"]
[SourceQuality "1"]
[TimeControl "40/5400+30:1800+30"]

1. e4 c5 2. Nf3 Nc6 3. d4 cxd4 4. Nxd4 e5 5. Nb5 d6 6. c4 Be7 7. N1c3 a6 8. Na3 Nf6 9. Bd3 O-O 10. O-O Nd7 11. Nc2 {[%emt 0:02:41] The position is equal.} Bg5 12. Ne3 Nc5 13. b3 Nd4 (13... Be6 {simplifies} 14. Bc2 g6 15. Ned5 Bxc1 16. Rxc1 Bxd5 17. Nxd5 Ne6) 14. Bb2 Bxe3 15. fxe3 Qg5 16. Bc1 (16. Qd2 $1 $14) 16... Bh3 $1 $40 {[%emt 0:02:16][%mdl 128] Black mounts an attack.} 17. Rf2 ({White should try} 17. Qd2 $1 $15 Nxd3 (17... Ndxb3 18. axb3 Nxd3 19. Ba3 $11) 18. exd4 Qxd2 19. Bxd2 exd4 20. Ne2) 17... Nxd3 $17 18. Qxd3 {[%emt 0:08:02] [#]} (18. exd4 $17 Nxf2 19. Bxg5 Nxd1 20. Rxd1) 18... Nf3+ $1 $19 19. Kh1 {[%emt 0:00:57][%cal Oc1a3] [#] Ba3! is the strong threat.} Bxg2+ $1 20. Rxg2 {[%emt 0:00:30] [#]} Qxg2+ 21. Kxg2 Ne1+ 22. Kf1 Nxd3 23. Ba3 Nc5 24. Rd1 f5 25. Rxd6 Nxe4 26. Nxe4 fxe4+ {[%emt 0:00:08][%mdl 4096] Endgame. KRR-KRB} 27. Ke2 Rf6 {[%emt 0:00:18] And now ...Raf8 would win.} 28. Rd7 (28. Rd2 $142) 28... Rh6 29. Bd6 Rxh2+ 30. Kf1 Re8 31. Rxb7 h5 32. c5 Rc2 33. b4 (33. Kg1 $142) 33... h4 {[%emt 0:00:14][%cal Oe8e6] ( -> ...Re6!)} 34. a4 h3 {[%emt 0:00:16] Black mates.} 35. Kg1 Re6 36. Rb8+ Kh7 37. Rf8 Rg6+ 38. Kh1 Rgg2 {[%emt 0:00:05] Weighted Error Value: White=0.76/Black=0.02 (flawless) .  Loses game:     	White=1     	---        Missed win:     	White=1     	---        Mistake:       	White=4     	---        Inaccurate:     	White=2     	---        OK:         	White=7     	Black=15     Best:        	White=1     	Black=1      Strong:       	---       	Black=1      Brilliant:      	---       	Black=2} 0-1

[Event "French Top 16-A 2024"]
[Site "Chartres"]
[Date "2024.06.04"]
[Round "6.15"]
[White "Tregubov, Pavel V."]
[Black "Demuth, Adrien"]
[Result "1/2-1/2"]
[ECO "D58"]
[WhiteElo "2562"]
[BlackElo "2506"]
[Annotator "TA"]
[PlyCount "57"]
[EventDate "2024.06.01"]
[EventType "team-tourn"]
[EventCountry "FRA"]
[SourceTitle "playchess.com"]
[Source "ChessBase"]
[SourceQuality "1"]
[TimeControl "40/5400+30:1800+30"]

1. d4 Nf6 2. c4 e6 3. Nf3 d5 4. Nc3 Be7 5. Bg5 O-O 6. e3 h6 7. Bh4 b6 8. Bxf6 Bxf6 9. cxd5 exd5 10. Rc1 Bb7 11. b4 c5 12. bxc5 bxc5 13. Qb3 Bc6 14. Bb5 cxd4 15. exd4 Re8+ 16. Be2 Nd7 17. O-O Qa5 18. Bd3 Rab8 19. Qc2 Nf8 20. Qd2 Ne6 21. Rfd1 Bxd4 (21... Nxd4 $2 {is the wrong capture.} 22. Nxd4 Bxd4 23. Ne2 Bxf2+ (23... Qxd2 $2 24. Rxd2 Bxf2+ 25. Kxf2 $18) 24. Kxf2 Qb6+ 25. Kf1 $18) 22. Nxd4 {[%emt 0:05:49] The position is equal.} Nxd4 23. Bf1 $1 Ne6 ({Don't blunder} 23... Rb4 $2 24. a3 Qxa3 25. Ra1 $18) 24. Nxd5 Qxd2 25. Rxd2 Bb5 26. g3 Bxf1 27. Kxf1 Kf8 28. Nc7 Re7 29. Nxe6+ {[%emt 0:01:46] Not much happened in this game.   Weighted Error Value: White=0.02 (flawless) /Black=0.04 (flawless) .  Inaccurate:     	---       	Black=1      OK:         	White=6     	Black=10     Best:        	White=1     	---        Strong:       	White=1     	---} 1/2-1/2